 Dungeon Crawl Stone Soup version 0.32-a0-119-g2e8054a333 (webtiles) character file.

Game seed: 4135422990991912291

6909 pokeman the Thaumaturge (level 10, -3/59 HPs)
             Began as a Deep Elf Hedge Wizard on Feb 6, 2024.
             Was a Believer of Vehumet.
             Slain by a hornet (10 damage)
             ... on level 9 of the Dungeon.
             The game lasted 00:28:57 (10157 turns).

pokeman the Thaumaturge (Deep Elf Hedge Wizard)    Turns: 10157, Time: 00:28:57

Health: -3/59      AC: 11    Str: 10    XL:     10   Next: 79%
Magic:  31/38      EV: 12    Int: 24    God:    Vehumet [**....]
Gold:   241        SH:  0    Dex: 11    Spells: 22/36 levels left

rFire   . . .        N - +5 quarterstaff of Strategic Superiority {flame, rElec rN+++ MP+9 Dex-3}
rCold   . . .        (shield currently unavailable)
rNeg    + + +        b - +0 robe
rPois   .            r - +2 helmet
rElec   +            D - +2 cloak of the Thief {*Fog Slay-2 SInv Stlth+}
rCorr   .            L - +1 pair of gloves {Str+3}
SInv    +            t - +0 pair of boots
Will    +....        R - amulet of magic regeneration
Stlth   +++          p - +4 ring of protection
HPRegen 0.29/turn    (no ring)
MPRegen 0.66/turn

%: no passive effects
@: lethally poisoned (-3 -> -15), corroded, slowed, very slow
A: no striking features
a: Renounce Religion


You were on level 9 of the Dungeon.
You worshipped Vehumet.
Vehumet was pleased with you.
You visited 2 branches of the dungeon, and saw 10 of its levels.
You also visited: Sewer.

You collected 502 gold pieces.
You spent 261 gold pieces at shops.

Inventory:

Hand Weapons
 i - a +1 flail of holy wrath
 F - a +0 whip of venom
 N - the +5 quarterstaff of Strategic Superiority (weapon) {flame, rElec rN+++ MP+9 Dex-3}
   (You found it on level 8 of the Dungeon)

   Dex-3:     It affects your dexterity (-3).
   rElec:     It insulates you from electricity.
   rN+++:     It renders you almost immune to negative energy.
   MP+9:      It affects your magic capacity (+9).
Missiles
 v - 2 curare-tipped darts
Armour
 b - a +0 robe (worn)
 q - an orb of energy
 r - a +2 helmet (worn)
 t - a +0 pair of boots (worn)
 D - the +2 cloak of the Thief (worn) {*Fog Slay-2 SInv Stlth+}
   (You bought it in a shop on level 4 of the Dungeon)

   *Fog:      It may release a thick cloud of smoke when the wearer is hurt.
   Slay-2:    It affects your accuracy & damage with ranged weapons and melee
   (-2).
   SInv:      It lets you see invisible.
   Stlth+:    It makes you more stealthy.
 L - a +1 pair of gloves of strength (worn)
 Q - a +2 robe of fire resistance
Magical Staves
 o - a staff of death
 u - a staff of fire
 I - a staff of air
Jewellery
 p - a +4 ring of protection (left hand)
 R - an amulet of magic regeneration (around neck)
Wands
 k - a wand of quicksilver (10)
 C - a wand of polymorph (14)
 J - a wand of charming (12)
 K - a wand of digging (8)
 O - a wand of flame (22)
Scrolls
 c - 3 scrolls of amnesia {unknown}
 f - 4 scrolls of identify {unknown}
 j - 4 scrolls of enchant armour {unknown}
 m - a scroll of vulnerability {unknown}
 n - 3 scrolls of brand weapon {unknown}
 s - a scroll of noise {unknown}
 w - 4 scrolls of teleportation {unknown}
 x - 2 scrolls of revelation {unknown}
 y - a scroll of fog {unknown}
 A - a scroll of fear {unknown}
 H - a scroll of blinking {unknown}
 M - 2 scrolls of enchant weapon {unknown}
 P - a scroll of poison {unknown}
Potions
 a - 2 potions of attraction {unknown}
 d - 7 potions of magic
 e - 3 potions of brilliance {unknown}
 g - 4 potions of might {unknown}
 h - 9 potions of curing {unknown}
 l - 4 potions of degeneration {unknown}
 z - 2 potions of lignification {unknown}
 B - a potion of berserk rage {unknown}
 E - a potion of cancellation {unknown}
 G - 3 potions of haste {unknown}


   Skills:
 + Level 5.0 Fighting
 - Level 3.0 Armour
 - Level 3.0 Dodging
 - Level 3.0 Stealth
 * Level 13.8 Spellcasting
 + Level 8.1 Conjurations
 - Level 2.1 Summonings
 - Level 1.1 Necromancy
 - Level 2.0 Translocations
 + Level 7.4 Fire Magic
 - Level 1.1 Ice Magic
 - Level 1.0 Air Magic
 - Level 1.0 Alchemy
 - Level 1.0 Evocations


You had 22 spell levels left.
You knew the following spells:

 Your Spells              Type           Power      Damage    Failure   Level
a - Magic Dart            Conj           100%       1d8       1%          1
b - Mephitic Cloud        Conj/Alch/Air  32%        N/A       2%          3
c - Call Imp              Summ           52%        N/A       2%          2
d - Blink                 Tloc           52%        N/A       2%          2
e - Foxfire               Conj/Fire      100%       2x1d9     1%          1
f - Freezing Cloud        Conj/Ice/Air   16%        6-21      24%         5

Your spell library contained the following spells:

 Spells                   Type           Power      Damage    Failure   Level
 Searing Ray              Conj           100%       2d8       1%          2
 Kiss of Death            Conj/Necr      100%       2d13      1%          1
 Momentum Strike          Conj/Tloc      80%        3d10      1%          2
 Necrotise                Necr           84%        1d8       2%          1
 Lesser Beckoning         Tloc           52%        N/A       2%          2
 Slow                     Hex            64%        N/A       3%          1
 Cigotuvi's Dreadful Rot  Necr/Alch/Air  42%        N/A       3%          2
 Mercury Vapours          Alch/Air       42%        N/A       3%          2
 Call Canine Familiar     Summ           26%        N/A       4%          3
 Jinxbite                 Hex            32%        N/A       5%          2
 Fugue of the Fallen      Necr           21%        N/A       7%          3
 Ozocubu's Armour         Ice            22%        N/A       7%          3
 Sigil of Binding         Hex            16%        N/A       11%         3
 Manifold Assault         Tloc           26%        N/A       16%         4
 Dimensional Bullseye     Hex/Tloc       10%        N/A       24%         4


Dungeon Overview and Level Annotations

Branches:
Dungeon (9/15)             Temple (1/1) D:6           Sewer (visited)
   Lair: D:8-11         Orc: D:9-12

Altars:
Ashenzari
Cheibriados
Dithmenos
Elyvilon
Fedhas
Gozag
Hepliaklqana
Makhleb
Nemelex Xobeh
Okawaru
Qazlal
Ru
Sif Muna
Trog
Uskayaw
Vehumet
Wu Jian
Xom
Yredelemnul
Zin
The Shining One

Shops:
D:1 ?   D:3 :   D:4 [


Message History

The splash of acid hits you!!
With a swish of your cloak, you release a cloud of fog.
The acid corrodes you!
You hear a shout!
A hornet comes into view.
The acid dragon bites you. The acid dragon closely misses you.
The acid dragon bites you. The acid dragon claws you.
The hornet buzzes angrily.
The acid dragon spits acid at you. The splash of acid hits you!
* * * LOW HITPOINT WARNING * * *
With a swish of your cloak, you release a cloud of fog.
You hear a shout! x3
Unknown command.
The hornet is engulfed in freezing vapours.
Your magical contamination has completely faded away.
Casting: Freezing Cloud (quite dangerous; 24% risk of failure)
Confirm with . or Enter, or press ? or * to list all spells.
Aiming: Mephitic Cloud (dangerous; 2% risk of failure)
Press: ? - help, Shift-Dir - straight line, f - hornet
Aim: a hornet (black smoke, moderately wounded, chance to affect: 72%)
Okay, then.
Unknown command.
Unknown command.
Casting: Mephitic Cloud (dangerous; 2% risk of failure)
Confirm with . or Enter, or press ? or * to list all spells.
A tiny devil pulls itself out of the air.
The hornet barely misses you.
Unknown command.
Unknown command.
Casting: Call Imp (safe; 2% risk of failure)
Confirm with . or Enter, or press ? or * to list all spells.
A tiny devil pulls itself out of the air.
Your cerulean imp disappears in a puff of smoke!
The hornet stings you!
* * * LOW HITPOINT WARNING * * *
With a swish of your cloak, you release a cloud of fog.
You are lethally poisoned!
You feel yourself slow down. The hornet stings you!
You die...

...............#
.....§..§#######
.....§§§§#
.....§§§§# ##
.....§§§§§§.#
.....§§§§§§§#
#####§§§.§§§#
....§§§§§§§§+
##ß.§.ßD§y@§#
#.......§§#§§...#
#...<...§5>§§...#
#.........#.#####
##..ß..#..#.#
.........#..
#######.###


You could see a hornet, an acid dragon (ally target) and a friendly cerulean imp
(summoned).

Vanquished Creatures
  Maurice (D:7)
  A troll (D:8)
  A ynoxinul (D:8)
  A wraith (D:9)
  11 yaks
  A wyvern (D:9)
  Edmund (D:6)
  Duvessa (D:7)
  A water moccasin (D:8)
  An orc warrior (D:9)
  3 ice beasts
  2 sky beasts
  3 black bears
  2 ogres
  5 centaurs
  2 phantoms
  6 kobold brigands
  A bullfrog (D:9)
  A gnoll sergeant (D:7)
  17 wights
  Dowan (D:7)
  4 bullfrog zombies (D:5)
  3 orc priests
  2 hounds
  2 bullfrog skeletons (D:5)
  A gnoll bouda (D:6)
  2 centaur skeletons (D:5)
  3 iguanas
  4 orc wizards (D:8)
  2 hound zombies (D:5)
  5 gnolls
  11 adders
  3 river rats
  2 shadow imps
  6 ufetubi (D:6)
  7 dart slugs
  3 ribbon worms
  26 orcs
  8 endoplasms
  2 giant cockroaches
  8 goblins
  6 hobgoblins
  16 kobolds
  5 quokkas
  10 ball pythons
  7 bats
  5 frilled lizards
  6 rats
222 creatures vanquished.

Vanquished Creatures (collateral kills)
  A gnoll (D:6)
1 creature vanquished.

Vanquished Creatures (others)
  333 foxfires
333 creatures vanquished.

Grand Total: 556 creatures vanquished

Notes
Turn   | Place    | Note
-------+----------+-------------------------------------------
     0 | D:1      | pokeman the Deep Elf Hedge Wizard began the quest for the
                  | Orb.
     0 | D:1      | Reached XP level 1. HP: 10/10 MP: 7/7
   329 | D:1      | Reached XP level 2. HP: 13/15 MP: 0/9
   406 | D:1      | Found a faded altar of an unknown god.
   857 | D:1      | Found The Oracle's Delphic Readings.
  1542 | D:2      | Reached XP level 3. HP: 15/19 MP: 3/11
  1546 | D:2      | Learned a level 3 spell: Mephitic Cloud
  1549 | D:2      | Learned a level 2 spell: Call Imp
  1552 | D:2      | Learned a level 2 spell: Blink
  2427 | D:3      | Found Bacwar's Vocational Training.
  2764 | D:3      | You fall into a shaft and drop 1 floor!
  2785 | D:4      | Reached skill level 5 in Spellcasting
  2785 | D:4      | Reached XP level 4. HP: 14/24 MP: 3/13
  3039 | D:4      | Noticed an ogre
  3049 | D:4      | Killed an ogre
  3050 | D:4      | Reached skill level 1 in Fighting
  3050 | D:4      | Reached XP level 5. HP: 29/29 MP: 4/14
  3516 | D:4      | Found a white marble altar of Elyvilon.
  3524 | D:4      | Reached skill level 1 in Alchemy
  3529 | D:4      | Reached skill level 1 in Evocations
  3539 | D:4      | Reached skill level 1 in Air Magic
  3546 | D:4      | Reached skill level 1 in Armour
  3569 | D:4      | Reached skill level 1 in Necromancy
  3569 | D:4      | Reached XP level 6. HP: 14/34 MP: 1/16
  3962 | D:4      | Found Zifeuvi's Armour Shoppe.
  4152 | D:5      | Entered Level 5 of the Dungeon
  4181 | D:4      | Reached skill level 6 in Spellcasting
  4236 | D:4      | Reached skill level 1 in Fire Magic
  4258 | D:5      | Reached XP level 7. HP: 33/38 MP: 10/19
  4266 | D:5      | Reached skill level 7 in Spellcasting
  4359 | D:5      | Found a glowing drain.
  4363 | Sewer    | Entered a sewer
  5040 | D:5      | Reached skill level 8 in Spellcasting
  5053 | D:5      | Reached XP level 8. HP: 17/43 MP: 22/22
  5447 | D:5      | Learned a level 5 spell: Freezing Cloud
  5819 | D:4      | Bought the +2 cloak of the Thief {*Fog Slay-2 SInv Stlth+}
                  | for 261 gold pieces
  5819 | D:4      | Found the +2 cloak of the Thief {*Fog Slay-2 SInv Stlth+}
  6053 | D:6      | Reached skill level 9 in Spellcasting
  6053 | D:6      | Reached skill level 1 in Ice Magic
  6110 | D:6      | Reached skill level 5 in Conjurations
  6247 | D:6      | Noticed Edmund
  6600 | D:6      | Found a staircase to the Ecumenical Temple.
  6609 | Temple   | Found a transporter.
  6609 | Temple   | Found a transporter.
  6609 | Temple   | Found a transporter.
  6609 | Temple   | Found a transporter.
  6609 | Temple   | Entered the Ecumenical Temple
  6633 | Temple   | Became a worshipper of Vehumet
  6670 | D:6      | Reached skill level 10 in Spellcasting
  6840 | D:6      | Reached XP level 9. HP: 49/49 MP: 23/25
  7179 | D:6      | Killed Edmund
  7452 | D:7      | Noticed Dowan
  7453 | D:7      | Noticed Duvessa
  7464 | D:7      | Killed Duvessa
  7474 | D:7      | Killed Dowan
  7563 | D:7      | Reached skill level 5 in Fire Magic
  7664 | D:7      | Identified the +0 chain mail of the Black Moon {Dex+4}
  7694 | D:7      | Noticed Maurice
  7730 | D:7      | Killed Maurice
  7731 | D:7      | Reached skill level 11 in Spellcasting
  7785 | D:7      | Found a sparkling altar of Nemelex Xobeh.
  7786 | D:7      | Found a stormy altar of Qazlal.
  7957 | D:7      | Found a glowing silver altar of Zin.
  8142 | D:8      | Found an opulent altar of Gozag.
  8245 | D:8      | Identified the beast talisman "Ecugeiw" {Int+3}
  8367 | D:8      | Found a shimmering blue altar of Sif Muna.
  8533 | D:8      | Got Sif Muna's Treatise on the Vile Oath
  8538 | D:8      | Found a bloodstained altar of Trog.
  8538 | D:8      | Noticed a troll
  8551 | D:8      | Killed a troll
  8690 | D:8      | Identified the +5 quarterstaff of Strategic Superiority
                  | {flame, rElec rN+++ MP+9 Dex-3}
  8853 | D:8      | Reached * piety under Vehumet
  8853 | D:8      | Offered knowledge of Foxfire by Vehumet.
  8856 | D:8      | Learned a level 1 spell: Foxfire
  8954 | D:8      | Reached skill level 12 in Spellcasting
  9028 | D:8      | Reached XP level 10. HP: 56/56 MP: 23/28
  9718 | D:9      | Reached skill level 13 in Spellcasting
  9749 | D:9      | Reached ** piety under Vehumet
  9954 | D:9      | Offered knowledge of Searing Ray by Vehumet.
 10009 | D:9      | Found a burning altar of Makhleb.
 10075 | D:9      | Reached skill level 5 in Fighting
 10157 | D:9      | Slain by a hornet

Illustrated notes

Levels and vault maps discovered:
D:1:      dpeg_arrival_pond, layout_loops_corners,
          shapermc_ecumenical_altar_mp_urbaneastern, nicolae_nh_oracle_at_delphi
D:2:      layout_loops_ring, grunt_ministairs_12, kennysheep_flooded_box,
          minmay_misc_feat_room
D:3:      layout_rooms, nicolae_shop_vocational
D:4:      layout_cave_pools, mainiacjoe_overflow_tiny_flanked, serial_shops,
          shop
D:5:      layout_cave_pools, gup_sewer_entry_spiral, serial_undead,
          serial_undead_a, serial_undead_d, serial_undead_a, serial_undead_e,
          serial_undead_f, serial_undead_e
D:6:      layout_gridville, minmay_temple_entry_hall, uniq_edmund
D:7:      layout_rooms, grunt_temple_overflow_open, uniq_maurice, uniq_duvessa
D:8:      minmay_octagon_keep, layout_basic,
          nzn_overflow_gifts_of_might_and_magic,
          mainiacjoe_overflow_six_doors_small
D:9:      layout_basic, marbit_many_paths, lightli_temple_of_fire, serial_shops,
          nicolae_shop_pleasant_corner_grove, grunt_ministairs_1,
          nicolae_transporter_circle, uniq_harold, uniq_grum
Temple:   hellmonk_temple_divided_pantheon

Skill      XL: |  1  2  3  4  5  6  7  8  9 10 |
---------------+-------------------------------+-----
Stealth        | 3 |  3.0
Dodging        | 3 |  3.0
Conjurations   | 2 3 4 5 6 8 |  8.1
Spellcasting   | 5 6 8 10 12 13 | 13.8
Summonings     | 2 |  2.1
Translocations | 2 |  2.0
Fighting       | 1 2 3 5 |  5.0
Alchemy        | 1 |  1.0
Evocations     | 1 |  1.0
Air Magic      | 1 |  1.0
Armour         | 1 2 3 |  3.0
Necromancy     | 1 |  1.1
Fire Magic     | 1 3 4 6 7 |  7.4
Ice Magic      | 1 |  1.1

Action                     |  1- 3 |  4- 6 |  7- 9 | 10-12 || total
---------------------------+-------+-------+-------+-------++-------
  Melee: Flail             |     9 |    62 |   150 |       ||   221
         Punch             |       |     5 |    20 |       ||    25
         Whip              |       |       |    96 |       ||    96
         Quarterstaff      |       |       |       |    21 ||    21
   Cast: Magic Dart        |   115 |    67 |   169 |       ||   351
         Mephitic Cloud    |     1 |     7 |    27 |     8 ||    43
         Blink             |       |     1 |     3 |     2 ||     6
         Call Imp          |       |       |     9 |     2 ||    11
         Foxfire           |       |       |    28 |   151 ||   179
         Freezing Cloud    |       |       |     7 |     4 ||    11
   Stab: Confused          |     1 |     6 |    16 |     1 ||    24
         Sleeping          |       |       |     1 |       ||     1
 Armour: Robe              |    21 |    73 |   240 |    38 ||   372
  Dodge: Dodged            |    20 |    59 |   297 |    27 ||   403

Table legend: (Time is in decaauts)
 A = Elapsed time spent in this place.
 B = Non-inter-level travel time spent in this place.
 C = Inter-level travel time spent in this place.
 D = Time resting spent in this place.
 E = Time spent auto-exploring this place.
 F = Levels seen in this place.
 G = Mean time per level.
                   A        B        C        D        E       F      G
               +--------+--------+--------+--------+--------+-----+--------+
         Total |  10366 |   9967 |    399 |    465 |   7381 |  11 |  942.4 |
       Dungeon |   9650 |   9251 |    399 |    460 |   6838 |   9 | 1072.2 |
        Temple |     55 |     55 |      0 |      0 |      0 |   1 |   55.0 |
         Sewer |    660 |    660 |      0 |      5 |    543 |   1 |  660.0 |
               +--------+--------+--------+--------+--------+-----+--------+

Top non-repeatable levels by time:
     D:8: 1415 daAuts
     D:6: 1313 daAuts
     D:5: 1282 daAuts
     D:1: 1253 daAuts
     D:2: 1175 daAuts
     D:4: 1166 daAuts
     D:9: 740 daAuts
     D:3: 689 daAuts
   Sewer: 660 daAuts
     D:7: 611 daAuts
  Temple: 55 daAuts
